 Dungeon Crawl Stone Soup version 0.30.0-19-g36f170ea60 (webtiles) character file.

Game seed: 12537218768598261814

140 bmack86 the Chopper (level 5, -3/45 HPs)
             Began as a Minotaur Fighter on May 29, 2023.
             Slain by a gnoll
             ... wielding a +0 whip
             ... led by a gnoll bouda
              (5 damage)
             ... on level 4 of the Dungeon.
             The game lasted 00:06:11 (2515 turns).

bmack86 the Chopper (Minotaur Fighter)              Turns: 2515, Time: 00:06:11

Health: -3/45      AC: 11    Str: 23    XL:     5   Next: 2%
Magic:  4/4        EV:  6    Int:  5    God:
Gold:   221        SH:  5    Dex: 15    Spells: 4/4 levels left

rFire   . . .        a - +0 war axe
rCold   . . .        c - +0 buckler
rNeg    . . .        o - +0 plate armour
rPois   .            (helmet restricted)
rElec   .            (no cloak)
rCorr   .            (no gloves)
SInv    .            (no boots)
Will    .....        (no amulet) Stlth
                     q - +6 ring of dexterity
HPRegen 0.27/turn    (no ring)
MPRegen 0.09/turn

%: no passive effects
@: mighty
A: horns 2, retaliatory headbutt
a: no special abilities


You were on level 4 of the Dungeon.
You visited 1 branch of the dungeon, and saw 4 of its levels.

You collected 221 gold pieces.

Inventory:

Hand Weapons
 a - a +0 war axe (weapon)
Missiles
 f - 7 poisoned darts
 r - 6 boomerangs (quivered)
Armour
 b - a +0 scale mail
 c - a +0 buckler (worn)
 o - a +0 plate armour (worn)
Jewellery
 q - a +6 ring of dexterity (left hand)
Scrolls
 i - a scroll of vulnerability
 k - a scroll of fog
 l - a scroll of blinking {unknown}
 n - a scroll of amnesia {unknown}
 s - a scroll of teleportation
 t - a scroll of noise
Potions
 d - a potion of might
 g - 3 potions of curing
 h - a potion of invisibility
 j - 2 potions of resistance
 m - a potion of brilliance
 p - a potion of cancellation
 u - a potion of ambrosia


   Skills:
 - Level 3.6 Fighting
 + Level 6.3 Axes
 - Level 3.6 Armour
 - Level 3.6 Shields


You had 4 spell levels left.
You didn't know any spells.
Your spell library contained the following spells:

 Spells                   Type           Power      Damage    Failure   Level
 Blink                    Tloc           0%         N/A       100%        2
 Portal Projectile        Hex/Tloc       0%         N/A       100%        3
 Tukima's Dance           Hex            0%         N/A       100%        3
 Manifold Assault         Tloc           0%         N/A       100%        4
 Blade Hands              Tmut           0%         N/A       100%        5
 Storm Form               Tmut/Air       0%         N/A       100%        7


Dungeon Overview and Level Annotations

Branches:
Dungeon (4/15)
 Temple: D:4-7

Altars:
Elyvilon
Okawaru


Innate Abilities, Weirdness & Mutations

You have a pair of horns on your head.
You reflexively headbutt those who attack you in melee.


Message History

You kill the endoplasm!
You barely miss the gnoll. You hit the gnoll bouda.
The gnoll bouda hits you with a +0 whip.
The gnoll hits you from afar with a +0 spear.
The gnoll hits you with a +0 whip.
The gnoll bouda barks out a call to the hunt!
The gnolls pick up the pace!
The gnoll hits you but does no damage.
You slash the gnoll! You headbutt the gnoll.
You kill the gnoll!
You hit the gnoll bouda but do no damage.
You closely miss the gnoll. You block the gnoll's attack.
The gnoll bouda hits you with a +0 whip!
You have reached level 5!
Unknown command.
You feel very mighty all of a sudden. You block the gnoll's attack.
The gnoll hits you but does no damage.
The gnoll bouda hits you with a +0 whip.
* * * LOW HITPOINT WARNING * * *
You hit the gnoll bouda. Your headbutt misses the gnoll bouda.
The gnoll bouda is heavily wounded.
You closely miss the gnoll. You barely miss the gnoll.
The gnoll hits you with a +0 whip.
* * * LOW HITPOINT WARNING * * *
The gnoll hits you with a +0 whip.
* * * LOW HITPOINT WARNING * * *
The gnoll bouda hits you with a +0 whip.
* * * LOW HITPOINT WARNING * * *
You block the gnoll's attack. The gnoll hits you with a +0 whip.
* * * LOW HITPOINT WARNING * * *
You barely miss the gnoll bouda.
The gnoll bouda is moderately wounded.
You slash the gnoll! You closely miss the gnoll.
You block the gnoll bouda's attack. The gnoll barely misses you.
The gnoll hits you but does no damage. You block the gnoll bouda's attack.
You slash the gnoll!
You kill the gnoll!
You closely miss the gnoll bouda. You hit the gnoll.
The gnoll hits you with a +0 whip.
You die...

.~≈≈≈~~...####'#######....#
.~≈≈≈~..........#....#....#
~~≈≈P~..........+....#....#
.~≈≈~P~...##....##...#....#
≈≈≈≈P~..####....##...#....#
~≈≈~~P.....#...†'....#....#
.≈~~~..(...+....###'##....#
.~~P~......#+#####..##....#
~~~P~....)@).....#........#
.~≈~~)....gg.....#......[.#
~P≈~~............#..##....#
~P≈P~............#..##....#
.≈≈≈P.#####......#...#....#
~≈≈≈~. |.....#...#....#
~≈≈~P. ......#..##....#
P≈≈≈.. ......#..#######
#...


You could see a gnoll bouda and a gnoll (swift).

Vanquished Creatures
  An orc wizard (D:3)
  3 gnolls (D:4)
  5 adders
  2 dart slugs
  4 orcs (D:3)
  2 bats
  4 endoplasms
  4 giant cockroaches
  5 goblins
  3 hobgoblins
  4 ball pythons
  4 frilled lizards
  4 kobolds
  A rat (D:3)
46 creatures vanquished.

Notes
Turn   | Place    | Note
-------+----------+-------------------------------------------
     0 | D:1      | bmack86 the Minotaur Fighter began the quest for the Orb.
     0 | D:1      | Reached XP level 1. HP: 19/19 MP: 0/0
   246 | D:1      | Reached skill level 3 in Axes
   427 | D:1      | Reached XP level 2. HP: 26/26 MP: 1/1
   511 | D:1      | Found a faded altar of an unknown god.
   707 | D:2      | Reached skill level 4 in Axes
   841 | D:2      | Reached XP level 3. HP: 31/31 MP: 2/2
  1055 | D:2      | Reached skill level 5 in Axes
  1675 | D:3      | Reached XP level 4. HP: 29/39 MP: 3/3
  1834 | D:3      | Found an iron altar of Okawaru.
  1864 | D:3      | Found a white marble altar of Elyvilon.
  2464 | D:4      | Reached skill level 6 in Axes
  2512 | D:4      | Reached XP level 5. HP: 15/45 MP: 4/4
  2513 | D:4      | HP: 1/45 [gnoll/+0 whip[a gnoll bouda] (2)]
  2515 | D:4      | Slain by a gnoll

Illustrated notes

Levels and vault maps discovered:
D:1:      onia_arrival_pentagram, layout_basic,
          shapermc_ecumenical_altar_totnotflames, minmay_tetromino_l4
D:2:      layout_basic, minivault_23
D:3:      layout_loops_ring, mainiacjoe_overflow_two_lobes, minmay_hedge_maze
D:4:      layout_gridville, eino_small_chamber_without_monster,
          chequers_big_river, minmay_misc_feat_nine_boxes, uniq_menkaure,
          uniq_pikel, uniq_sigmund

Skill      XL: |  1  2  3  4 |
---------------+-------------+-----
Axes           | 3 4 5 6 |  6.3
Fighting       | |  3.6
Armour         | |  3.6
Shields        | |  3.6

Action                     |  1- 3 |  4- 6 || total
---------------------------+-------+-------++-------
  Melee: War axe           |    66 |    25 ||    91
         Headbutt          |    10 |     1 ||    11
    Use: Scroll            |     4 |     8 ||    12
         Potion            |       |     1 ||     1
 Armour: Scale mail        |    19 |       ||    19
         Plate armour      |    16 |    15 ||    31
  Dodge: Dodged            |    23 |    12 ||    35
  Block: Buckler           |    13 |    11 ||    24
